Workbook
Name Years: Calc!$O$6:$O$20

Sheet WACC
C2: DISCOUNTED CASH FLOW TEMPLATE
C3: WACC
C7: Assumptions | G7: CAPM Variables
C8: Equity Cost Calculation Method | D8: CAPM | G8: Risk-Free Return Rate | I8: 0.005 | J8: Beta | L8: 1.2
C9: Income Tax Rate | D9: 0.2 | G9: Market Equity Risk Premium | I9: 0.07 | J9: Size Risk Premium | L9: 0.02
D11: =IFERROR(YEAR(TODAY())-4 & CHAR(10) &" Actuals","") -> 2018 Actuals | E11: =IFERROR(YEAR(TODAY())-3 & CHAR(10) & " Actuals","") -> 2019 Actuals | F11: =IFERROR(YEAR(TODAY())-2 & CHAR(10) & " Actuals","") -> 2020 Actuals | G11: =IFERROR(YEAR(TODAY())-1 & CHAR(10) & " Actuals","") -> 2021 Actuals | H11: =IFERROR(YEAR(TODAY()) & CHAR(10) & " Forecast","") -> 2022 Forecast | I11: Minimum Rate | J11: Maximum Rate | K11: Mean Rate | L11: User-Defined Rate
C12: Book Value of Equity | D12: 5500 | E12: 5900 | F12: 5850 | G12: 6000 | H12: 6100
C13: Price-To-Book Ratio | D13: 6 | E13: 5.93 | F13: 5.5 | G13: 6.1 | H13: 5.95
C14: Market Value of Equity | D14: =IFERROR(IF(LEN(D13)>0,D12*D13,D12),"") -> 33000 | E14: =IFERROR(IF(LEN(E13)>0,E12*E13,E12),"") -> 34987 | F14: =IFERROR(IF(LEN(F13)>0,F12*F13,F12),"") -> 32175 | G14: =IFERROR(IF(LEN(G13)>0,G12*G13,G12),"") -> 36600 | H14: =IFERROR(IF(LEN(H13)>0,H12*H13,H12),"") -> 36295
C15: Dividends | D15: 5000 | E15: 5300 | F15: 5500 | G15: 5700 | H15: 5800
C16: Cost of Equity | D16: =IFERROR(D15/D14,"") -> 0.15151515 | E16: =IFERROR(E15/E14,"") -> 0.15148484 | F16: =IFERROR(F15/F14,"") -> 0.17094017 | G16: =IFERROR(G15/G14,"") -> 0.1557377 | H16: =IFERROR(H15/H14,"") -> 0.15980163 | I16: =IFERROR(IF(Calc!$D$5=0,MIN(D16:H16),""),"") | J16: =IFERROR(IF(Calc!$D$5=0,MAX(D16:H16),""),"") | K16: =IFERROR(IF(Calc!$D$5=0,SUMPRODUCT(D16:H16,D14:H14)/SUM(D14:H14),I8+L8*(I9-I8)+L9),"") -> 0.103
C17: Market Value of Debt | D17: 30000 | E17: 35000 | F17: 40000 | G17: 42000 | H17: 45000
C18: Interest Expenses | D18: 4380 | E18: 5000 | F18: 5500 | G18: 5750 | H18: 5900
C19: After-Tax Cost of Debt | D19: =IFERROR(D18/D17*(1-$D$9),"") -> 0.1168 | E19: =IFERROR(E18/E17*(1-$D$9),"") -> 0.11428571 | F19: =IFERROR(F18/F17*(1-$D$9),"") -> 0.11 | G19: =IFERROR(G18/G17*(1-$D$9),"") -> 0.10952381 | H19: =IFERROR(H18/H17*(1-$D$9),"") -> 0.10488889 | I19: =IFERROR(MIN(D19:H19),"") -> 0.10488889 | J19: =IFERROR(MAX(D19:H19),"") -> 0.1168 | K19: =IFERROR(SUM(D18:H18)/SUM(D17:H17)*(1-$D$9),"") -> 0.11054167 | L19: 0.12
D21: Market value | F21: Share | H21: Cost
C22: Equity | D22: =IFERROR(H14,"") -> 36295 | F22: =IFERROR(D22/D24,"-") -> 0.44646042 | H22: =IFERROR(IF(LEN(L16)>0,L16,K16),"-") -> 0.103
C23: Debt | D23: =IFERROR(H17,"") -> 45000 | F23: =IFERROR(D23/D24,"-") -> 0.55353958 | H23: =IFERROR(IF(LEN(L19)>0,L19,K19),"-") -> 0.12
C24: WACC | D24: =IFERROR(D22+D23,"") -> 81295 | F24: 1 | H24: =IFERROR(D22/D24*H22,0)+IFERROR(D23/D24*H23,0) -> 0.11241017

Sheet CashFlow
C2: DISCOUNTED CASH FLOW TEMPLATE
C3: CASH FLOW
D5: INCOME STATEMENT | I5: PROJECTION PARAMETERS | M5: PROJECTED CASH FLOWS
D6: =YEAR(TODAY())-4 &" Actuals" -> 2018 Actuals | E6: =YEAR(TODAY())-3 &" Actuals" -> 2019 Actuals | F6: =YEAR(TODAY())-2 &" Actuals" -> 2020 Actuals | G6: =YEAR(TODAY())-1 &" Actuals" -> 2021 Actuals | H6: =YEAR(TODAY()) &" Forecast" -> 2022 Forecast | I6: Min. | J6: Max. | K6: Mean | L6: User-Defined | M6: =YEAR(TODAY())+1 &" Projected" -> 2023 Projected | N6: =YEAR(TODAY())+2 &" Projected" -> 2024 Projected | O6: =YEAR(TODAY())+3 &" Projected" -> 2025 Projected | P6: =YEAR(TODAY())+4 &" Projected" -> 2026 Projected | Q6: =YEAR(TODAY())+5 &" Projected" -> 2027 Projected | R6: =YEAR(TODAY())+6 &" Projected" -> 2028 Projected | S6: =YEAR(TODAY())+7 &" Projected" -> 2029 Projected | T6: =YEAR(TODAY())+8 &" Projected" -> 2030 Projected | U6: =YEAR(TODAY())+9 &" Projected" -> 2031 Projected | V6: =YEAR(TODAY())+10 &" Projected" -> 2032 Projected | W6: Terminal Cash Flow
C7: Net Sales Revenue | D7: 24846 | E7: 28741 | F7: 21453 | G7: 22000 | H7: 26415 | M7: =IFERROR(H7*(1+IF(LEN($L$8)>0,$L$8,$K$8)),0) -> 27207.45 | N7: =IFERROR(M7*(1+IF(LEN($L$8)>0,$L$8,$K$8))^1,"") -> 28023.674 | O7: =IFERROR(N7*(1+IF(LEN($L$8)>0,$L$8,$K$8))^1,"") -> 28864.384 | P7: =IFERROR(O7*(1+IF(LEN($L$8)>0,$L$8,$K$8))^1,"") -> 29730.315 | Q7: =IFERROR(P7*(1+IF(LEN($L$8)>0,$L$8,$K$8))^1,"") -> 30622.225 | R7: =IFERROR(Q7*(1+IF(LEN($L$8)>0,$L$8,$K$8))^1,"") -> 31540.891 | S7: =IFERROR(R7*(1+IF(LEN($L$8)>0,$L$8,$K$8))^1,"") -> 32487.118 | T7: =IFERROR(S7*(1+IF(LEN($L$8)>0,$L$8,$K$8))^1,"") -> 33461.732 | U7: =IFERROR(T7*(1+IF(LEN($L$8)>0,$L$8,$K$8))^1,"") -> 34465.584 | V7: =IFERROR(U7*(1+IF(LEN($L$8)>0,$L$8,$K$8))^1,"") -> 35499.551
C8: Net Sales Growth Rate | E8: =IFERROR(E7/D7-1,0) -> 0.15676568 | F8: =IFERROR(F7/E7-1,0) -> -0.25357503 | G8: =IFERROR(G7/F7-1,0) -> 0.025497599 | H8: =IFERROR(H7/G7-1,0) -> 0.20068182 | I8: =MIN(E8:H8) -> -0.25357503 | J8: =MAX(E8:H8) -> 0.20068182 | K8: {=IFERROR((H7/INDEX(D7:H7,1,MATCH(1,INDEX(1-ISBLANK(D7:H7),1,0),0)))^(1/(COUNTA(D7:H7)-1))-1,0)} -> 0.015426594 | L8: 0.03
C9: Gross Profit Margin | D9: 11580 | E9: 15478 | F9: 12874 | G9: 9865 | H9: 10587 | M9: =IFERROR(M7*IF(LEN($L$10)>0,$L$10,$K$10),0) -> 13307.64 | N9: =IFERROR(N7*IF(LEN($L$10)>0,$L$10,$K$10),0) -> 13706.869 | O9: =IFERROR(O7*IF(LEN($L$10)>0,$L$10,$K$10),0) -> 14118.075 | P9: =IFERROR(P7*IF(LEN($L$10)>0,$L$10,$K$10),0) -> 14541.617 | Q9: =IFERROR(Q7*IF(LEN($L$10)>0,$L$10,$K$10),0) -> 14977.866 | R9: =IFERROR(R7*IF(LEN($L$10)>0,$L$10,$K$10),0) -> 15427.202 | S9: =IFERROR(S7*IF(LEN($L$10)>0,$L$10,$K$10),0) -> 15890.018 | T9: =IFERROR(T7*IF(LEN($L$10)>0,$L$10,$K$10),0) -> 16366.718 | ... V9: =IFERROR(V7*IF(LEN($L$10)>0,$L$10,$K$10),0) -> 17363.451
C10: Gross Profit Margin Ratio | D10: =IFERROR(D9/D7,0) -> 0.466071 | E10: =IFERROR(E9/E7,0) -> 0.5385338 | F10: =IFERROR(F9/F7,0) -> 0.60010255 | G10: =IFERROR(G9/G7,0) -> 0.44840909 | H10: =IFERROR(H9/H7,0) -> 0.400795 | I10: =MIN(D10:H10) -> 0.400795 | J10: =MAX(D10:H10) -> 0.60010255 | K10: =IFERROR(SUM(D9:H9)/SUM(D7:H7),0) -> 0.48911749
C11: OPEX | D11: 4800 | E11: 5411 | F11: 5574 | G11: 4524 | H11: 4128 | M11: =IFERROR(H11*(1+IF(LEN($L$12)>0,$L12,$K12)),0) -> 4293.12 | N11: =IFERROR(M11*(1+IF(LEN($L12)>0,$L12,$K12)),0) -> 4464.8448 | O11: =IFERROR(N11*(1+IF(LEN($L12)>0,$L12,$K12)),0) -> 4643.4386 | P11: =IFERROR(O11*(1+IF(LEN($L12)>0,$L12,$K12)),0) -> 4829.1761 | Q11: =IFERROR(P11*(1+IF(LEN($L12)>0,$L12,$K12)),0) -> 5022.3432 | R11: =IFERROR(Q11*(1+IF(LEN($L12)>0,$L12,$K12)),0) -> 5223.2369 | S11: =IFERROR(R11*(1+IF(LEN($L12)>0,$L12,$K12)),0) -> 5432.1664 | T11: =IFERROR(S11*(1+IF(LEN($L12)>0,$L12,$K12)),0) -> 5649.453 | U11: =IFERROR(T11*(1+IF(LEN($L12)>0,$L12,$K12)),0) -> 5875.4312 | V11: =IFERROR(U11*(1+IF(LEN($L12)>0,$L12,$K12)),0) -> 6110.4484
C12: OPEX Growth Rate | E12: =IFERROR(E11/D11-1,0) -> 0.12729167 | F12: =IFERROR(F11/E11-1,0) -> 0.030123822 | G12: =IFERROR(G11/F11-1,0) -> -0.1883746 | H12: =IFERROR(H11/G11-1,0) -> -0.087533156 | I12: =MIN(E12:H12) -> -0.1883746 | J12: =MAX(E12:H12) -> 0.12729167 | K12: {=IFERROR((H11/INDEX(D11:H11,1,MATCH(1,INDEX(1-ISBLANK(D11:H11),1,0),0)))^(1/(COUNTA(D11:H11)-1))-1,0)} -> -0.037003713 | L12: 0.04
C13: EBITDA | D13: =IFERROR(D9-D11,"") -> 6780 | E13: =IFERROR(E9-E11,"") -> 10067 | F13: =IFERROR(F9-F11,"") -> 7300 | G13: =IFERROR(G9-G11,"") -> 5341 | H13: =IFERROR(H9-H11,"") -> 6459 | M13: =IFERROR(M9-M11,"") -> 9014.5197 | N13: =IFERROR(N9-N11,"") -> 9242.0241 | O13: =IFERROR(O9-O11,"") -> 9474.6364 | P13: =IFERROR(P9-P11,"") -> 9712.4411 | Q13: =IFERROR(Q9-Q11,"") -> 9955.5226 | R13: =IFERROR(R9-R11,"") -> 10203.965 | S13: =IFERROR(S9-S11,"") -> 10457.851 | T13: =IFERROR(T9-T11,"") -> 10717.265 | ... V13: =IFERROR(V9-V11,"") -> 11253.003
C14: CAPEX | D14: 6000 | E14: 5411 | F14: 6000 | G14: 4524 | H14: 5000 | M14: =IFERROR(H14*(1+IF(LEN($L$15)>0,$L15,$K15)),0) -> 4777.214 | N14: =IFERROR(M14*(1+IF(LEN($L15)>0,$L15,$K15)),0) -> 4564.3546 | O14: =IFERROR(N14*(1+IF(LEN($L15)>0,$L15,$K15)),0) -> 4360.9797 | P14: =IFERROR(O14*(1+IF(LEN($L15)>0,$L15,$K15)),0) -> 4166.6667 | Q14: =IFERROR(P14*(1+IF(LEN($L15)>0,$L15,$K15)),0) -> 3981.0116 | R14: =IFERROR(Q14*(1+IF(LEN($L15)>0,$L15,$K15)),0) -> 3803.6289 | S14: =IFERROR(R14*(1+IF(LEN($L15)>0,$L15,$K15)),0) -> 3634.1498 | T14: =IFERROR(S14*(1+IF(LEN($L15)>0,$L15,$K15)),0) -> 3472.2222 | U14: =IFERROR(T14*(1+IF(LEN($L15)>0,$L15,$K15)),0) -> 3317.5097 | V14: =IFERROR(U14*(1+IF(LEN($L15)>0,$L15,$K15)),0) -> 3169.6907
C15: CAPEX Growth Rate | E15: =IFERROR(E14/D14-1,0) -> -0.098166667 | F15: =IFERROR(F14/E14-1,0) -> 0.10885234 | G15: =IFERROR(G14/F14-1,0) -> -0.246 | H15: =IFERROR(H14/G14-1,0) -> 0.10521662 | I15: =MIN(E15:H15) -> -0.246 | J15: =MAX(E15:H15) -> 0.10885234 | K15: {=IFERROR((H14/INDEX(D14:H14,1,MATCH(1,INDEX(1-ISBLANK(D14:H14),1,0),0)))^(1/(COUNTA(D14:H14)-1))-1,0)} -> -0.044557208
C16: Amortization & Depreciation | D16: 4000 | E16: 5000 | F16: 4000 | G16: 4524 | H16: 3000 | M16: =IFERROR(H16*(1+IF(LEN($L$17)>0,$L17,$K17)),0) -> 2791.8146 | N16: =IFERROR(M16*(1+IF(LEN($L17)>0,$L17,$K17)),0) -> 2598.0762 | O16: =IFERROR(N16*(1+IF(LEN($L17)>0,$L17,$K17)),0) -> 2417.7823 | P16: =IFERROR(O16*(1+IF(LEN($L17)>0,$L17,$K17)),0) -> 2250 | Q16: =IFERROR(P16*(1+IF(LEN($L17)>0,$L17,$K17)),0) -> 2093.8609 | R16: =IFERROR(Q16*(1+IF(LEN($L17)>0,$L17,$K17)),0) -> 1948.5572 | S16: =IFERROR(R16*(1+IF(LEN($L17)>0,$L17,$K17)),0) -> 1813.3368 | T16: =IFERROR(S16*(1+IF(LEN($L17)>0,$L17,$K17)),0) -> 1687.5 | U16: =IFERROR(T16*(1+IF(LEN($L17)>0,$L17,$K17)),0) -> 1570.3957 | V16: =IFERROR(U16*(1+IF(LEN($L17)>0,$L17,$K17)),0) -> 1461.4179
C17: A&D Growth Rate | E17: =IFERROR(E16/D16-1,0) -> 0.25 | F17: =IFERROR(F16/E16-1,0) -> -0.2 | G17: =IFERROR(G16/F16-1,0) -> 0.131 | H17: =IFERROR(H16/G16-1,0) -> -0.33687003 | I17: =MIN(E17:H17) -> -0.33687003 | J17: =MAX(E17:H17) -> 0.25 | K17: {=IFERROR((H16/INDEX(D16:H16,1,MATCH(1,INDEX(1-ISBLANK(D16:H16),1,0),0)))^(1/(COUNTA(D16:H16)-1))-1,0)} -> -0.069395141
C18: Tax | D18: 523 | E18: 768.15 | F18: 147.12 | G18: 589.3 | H18: 254.58 | M18: =IFERROR((M13-M16)*WACC!$D$9,0) -> 1244.541 | N18: =IFERROR((N13-N16)*WACC!$D$9,0) -> 1328.7896 | O18: =IFERROR((O13-O16)*WACC!$D$9,0) -> 1411.3708 | P18: =IFERROR((P13-P16)*WACC!$D$9,0) -> 1492.4882 | Q18: =IFERROR((Q13-Q16)*WACC!$D$9,0) -> 1572.3323 | R18: =IFERROR((R13-R16)*WACC!$D$9,0) -> 1651.0815 | S18: =IFERROR((S13-S16)*WACC!$D$9,0) -> 1728.9029 | T18: =IFERROR((T13-T16)*WACC!$D$9,0) -> 1805.9531 | ... V18: =IFERROR((V13-V16)*WACC!$D$9,0) -> 1958.317
C19: Free Cash Flow | D19: =IFERROR(D13-D18-D14,"") -> 257 | E19: =IFERROR(E13-E18-E14,"") -> 3887.85 | F19: =IFERROR(F13-F18-F14,"") -> 1152.88 | G19: =IFERROR(G13-G18-G14,"") -> 227.7 | H19: =IFERROR(H13-H18-H14,"") -> 1204.42 | M19: =IFERROR(M13-M18-M14,"") -> 2992.7647 | N19: =IFERROR(N13-N18-N14,"") -> 3348.8799 | O19: =IFERROR(O13-O18-O14,"") -> 3702.2858 | P19: =IFERROR(P13-P18-P14,"") -> 4053.2862 | Q19: =IFERROR(Q13-Q18-Q14,"") -> 4402.1786 | R19: =IFERROR(R13-R18-R14,"") -> 4749.2544 | S19: =IFERROR(S13-S18-S14,"") -> 5094.7987 | T19: =IFERROR(T13-T18-T14,"") -> 5439.09 | ... V19: =IFERROR(V13-V18-V14,"") -> 6124.9953 | W19: =IFERROR(V19,"") -> 6124.9953
C20: Discounted Cash Flow | M20: =IFERROR(M19/(1+WACC!$H$24)^(COLUMN()-COLUMN($L$19)),0) -> 2690.3428 | N20: =IFERROR(N19/(1+WACC!$H$24)^(COLUMN()-COLUMN($L$19)),0) -> 2706.2609 | O20: =IFERROR(O19/(1+WACC!$H$24)^(COLUMN()-COLUMN($L$19)),0) -> 2689.5219 | P20: =IFERROR(P19/(1+WACC!$H$24)^(COLUMN()-COLUMN($L$19)),0) -> 2646.9605 | Q20: =IFERROR(Q19/(1+WACC!$H$24)^(COLUMN()-COLUMN($L$19)),0) -> 2584.2998 | R20: =IFERROR(R19/(1+WACC!$H$24)^(COLUMN()-COLUMN($L$19)),0) -> 2506.3154 | S20: =IFERROR(S19/(1+WACC!$H$24)^(COLUMN()-COLUMN($L$19)),0) -> 2416.9761 | T20: =IFERROR(T19/(1+WACC!$H$24)^(COLUMN()-COLUMN($L$19)),0) -> 2319.5654 | ... V20: =IFERROR(V19/(1+WACC!$H$24)^(COLUMN()-COLUMN($L$19)),0) -> 2110.8445 | W20: =IFERROR(W19/WACC!$H$24*(1/(1+WACC!$H$24)^10),0) -> 18778.056
D22: Value | I22: Percentage of Enterprise Value
C23: Present Value of Free Cash Flow | D23: =IFERROR(SUM(M20:V20),0)*Calc!L19 -> 24887.873 | I23: =IFERROR(D23/D25,"-") -> 0.56996092
C24: Terminal Value | D24: =IFERROR(W20,0)*Calc!L19 -> 18778.056 | I24: =IFERROR(D24/D25,"-") -> 0.43003908
C25: Enterprise Value | D25: =IFERROR(D24+D23,0) -> 43665.928
C26: Less Total Debt | D26: =IF(LEN(WACC!H17)=0,0,WACC!H17)*Calc!L19 -> 45000
C27: Plus Cash and Cash Equivalents | D27: 15647
C28: Market Capitalization | D28: =IFERROR(D25-D26+D27,0)*Calc!L19 -> 14312.928
C29: Outstanding Shares | D29: 5214
C30: Share Price | D30: =IFERROR(D28/D29,0) -> 2.7450956

Sheet Charts
C2: DISCOUNTED CASH FLOW TEMPLATE
C3: CHARTS

Sheet Calc
C3: WACC Calculations | F3: Cash Flow Calculations | N3: Year Calculations
C5: Equity Cost Calculation Method | D5: =IF(WACC!D8="CAPM",1,0) -> 1 | F5: =CashFlow!D6 -> 2018 Actuals | G5: =CashFlow!E6 -> 2019 Actuals | H5: =CashFlow!F6 -> 2020 Actuals | I5: =CashFlow!G6 -> 2021 Actuals | J5: =CashFlow!H6 -> 2022 Forecast | K5: Fill Col 3-5 | L5: No gaps | N5: Order | O5: Year | Q5: Headers
C6: 1-CAPM ; 0-Actual Dividends | F6: =IF(LEN(CashFlow!D7)>0,1,0) -> 1 | G6: =IF(LEN(CashFlow!E7)>0,1,0) -> 1 | H6: =IF(LEN(CashFlow!F7)>0,1,0) -> 1 | I6: =IF(LEN(CashFlow!G7)>0,1,0) -> 1 | J6: =IF(LEN(CashFlow!H7)>0,1,0) -> 1 | K6: =IF(PRODUCT(H6:J6)=0,0,1) -> 1 | L6: =IF(AND(F6>0,G6=0),0,1) -> 1 | N6: -4 | O6: =IFERROR(YEAR(TODAY())+N6,"") -> 2018 | Q6: Actuals
N7: -3 | O7: =IFERROR(YEAR(TODAY())+N7,"") -> 2019 | Q7: Forecast
C8: Error Checks for Conditional Formatting | F8: =IF(LEN(CashFlow!D9)>0,1,0) -> 1 | G8: =IF(LEN(CashFlow!E9)>0,1,0) -> 1 | H8: =IF(LEN(CashFlow!F9)>0,1,0) -> 1 | I8: =IF(LEN(CashFlow!G9)>0,1,0) -> 1 | J8: =IF(LEN(CashFlow!H9)>0,1,0) -> 1 | K8: =IF(PRODUCT(H8:J8)=0,0,1) -> 1 | L8: =IF(AND(F8>0,G8=0),0,1) -> 1 | N8: -2 | O8: =IFERROR(YEAR(TODAY())+N8,"") -> 2020 | Q8: Projected
C9: Check RFR | D9: =IFERROR(IF(AND($D$5=1,LEN(WACC!$I$8)=0),1,0),"") -> 0 | N9: -1 | O9: =IFERROR(YEAR(TODAY())+N9,"") -> 2021
C10: Check Market Premium | D10: =IFERROR(IF(AND($D$5=1,LEN(WACC!$I$9)=0),1,0),"") -> 0 | F10: =IF(LEN(CashFlow!D11)>0,1,0) -> 1 | G10: =IF(LEN(CashFlow!E11)>0,1,0) -> 1 | H10: =IF(LEN(CashFlow!F11)>0,1,0) -> 1 | I10: =IF(LEN(CashFlow!G11)>0,1,0) -> 1 | J10: =IF(LEN(CashFlow!H11)>0,1,0) -> 1 | K10: =IF(PRODUCT(H10:J10)=0,0,1) -> 1 | L10: =IF(AND(F10>0,G10=0),0,1) -> 1 | N10: 0 | O10: =IFERROR(YEAR(TODAY())+N10,"") -> 2022
C11: Check Beta | D11: =IFERROR(IF(AND($D$5=1,LEN(WACC!$L$8)=0),1,0),"") -> 0 | N11: 1 | O11: =IFERROR(YEAR(TODAY())+N11,"") -> 2023
N12: 2 | O12: =IFERROR(YEAR(TODAY())+N12,"") -> 2024
F13: =IF(LEN(CashFlow!D14)>0,1,0) -> 1 | G13: =IF(LEN(CashFlow!E14)>0,1,0) -> 1 | H13: =IF(LEN(CashFlow!F14)>0,1,0) -> 1 | I13: =IF(LEN(CashFlow!G14)>0,1,0) -> 1 | J13: =IF(LEN(CashFlow!H14)>0,1,0) -> 1 | K13: =IF(PRODUCT(H13:J13)=0,0,1) -> 1 | L13: =IF(AND(F13>0,G13=0),0,1) -> 1 | N13: 3 | O13: =IFERROR(YEAR(TODAY())+N13,"") -> 2025
N14: 4 | O14: =IFERROR(YEAR(TODAY())+N14,"") -> 2026
F15: =IF(LEN(CashFlow!D16)>0,1,0) -> 1 | G15: =IF(LEN(CashFlow!E16)>0,1,0) -> 1 | H15: =IF(LEN(CashFlow!F16)>0,1,0) -> 1 | I15: =IF(LEN(CashFlow!G16)>0,1,0) -> 1 | J15: =IF(LEN(CashFlow!H16)>0,1,0) -> 1 | K15: =IF(PRODUCT(H15:J15)=0,0,1) -> 1 | L15: =IF(AND(F15>0,G15=0),0,1) -> 1 | N15: 5 | O15: =IFERROR(YEAR(TODAY())+N15,"") -> 2027
N16: 6 | O16: =IFERROR(YEAR(TODAY())+N16,"") -> 2028
F17: =IF(LEN(CashFlow!D18)>0,1,0) -> 1 | G17: =IF(LEN(CashFlow!E18)>0,1,0) -> 1 | H17: =IF(LEN(CashFlow!F18)>0,1,0) -> 1 | I17: =IF(LEN(CashFlow!G18)>0,1,0) -> 1 | J17: =IF(LEN(CashFlow!H18)>0,1,0) -> 1 | K17: =IF(PRODUCT(H17:J17)=0,0,1) -> 1 | L17: =IF(AND(F17>0,G17=0),0,1) -> 1 | N17: 7 | O17: =IFERROR(YEAR(TODAY())+N17,"") -> 2029
N18: 8 | O18: =IFERROR(YEAR(TODAY())+N18,"") -> 2030
F19: Critical check | L19: =PRODUCT(K6:L17) -> 1 | N19: 9 | O19: =IFERROR(YEAR(TODAY())+N19,"") -> 2031
F20: 0-error | N20: 10 | O20: =IFERROR(YEAR(TODAY())+N20,"") -> 2032
